 Dungeon Crawl Stone Soup version 0.31-a0-455-g1a7b003ef0 (webtiles) character file.

Game seed: 115607886908378057

517774 Anon1729 the Slayer (level 24, -6/250 HPs)
             Began as a Minotaur Monk on Aug 3, 2023.
             Was the Champion of Lugonu.
             Mangled by an Orb Guardian (30 damage)
             ... on level 5 of the Realm of Zot.
             The game lasted 01:22:53 (51655 turns).

Anon1729 the Slayer (Minotaur Monk)                Turns: 51655, Time: 01:22:54

Health: -6/250     AC: 27    Str: 18    XL:     24   Next: 4%
Magic:  34/34      EV: 25    Int: 11    God:    Lugonu [******]
Gold:   1846       SH:  0    Dex: 29    Spells: 23/23 levels left

rFire   + + +        b - +8 storm bow {elec, penet}
rCold   + . .        (shield currently unavailable)
rNeg    . . .        i - +2 chain mail of the Onion {rC+ rCorr SInv}
rPois   +            d - +2 hat {Int+3}
rElec   +            v - scarf {repulsion}
rCorr   +            D - +2 pair of gloves of the Demon Prince {rF+ Will+ Int+3}
SInv    +            L - +2 pair of boots {Stlth+}
Will    ++...        R - amulet "Zimem" {rElec Regen+ Str+2}
Stlth   +++++        G - ring "Muufun" {rPois rF+ rCorr Stlth+}
HPRegen 1.41/turn    j - +4 ring of slaying
MPRegen 0.24/turn

%: repel missiles, clarity
@: marked, slowed, studying Maces & Flails, very slow
A: horns 2, retaliatory headbutt, agile 2, clarity, fire resistance 1, robust 1,
weak 1
}: 3/15 runes: barnacled, abyssal, gossamer
a: Renounce Religion, Depart the Abyss, Banish, Corrupt, Enter the Abyss, Brand
Weapon With Distortion


You were on level 5 of the Realm of Zot.
You worshipped Lugonu.
Lugonu was exalted by your worship.
You visited 8 branches of the dungeon, and saw 42 of its levels.
You visited the Abyss 2 times.
You visited 1 bazaar.
You also visited: Ice Cave.

You collected 5738 gold pieces.
You spent 3892 gold pieces at shops.

Inventory:

Hand Weapons
 a - the +8 arc blade {discharge, rElec}
   (You took it off a deep elf elementalist on level 3 of the Elven Halls)

   rElec:     It insulates you from electricity.
 b - the +8 storm bow (weapon) {elec, penet}
   (You bought it in a shop on level 5 of the Dungeon)
Missiles
 H - 6 throwing nets
Armour
 d - a +2 hat of intelligence (worn)
 i - the +2 chain mail of the Onion (worn) {rC+ rCorr SInv}
   (You found it on level 4 of the Spider Nest)

   rC:        It protects you from cold.
   SInv:      It lets you see invisible.
   rCorr:     It protects you from acid and corrosion.
 p - the +5 robe of Night {Dark Will+ SInv}
   (You bought it in a shop in a bazaar)

   Dark:      It shrouds the wearer in darkness, reducing the range at which
   they can see and be seen by others.
   SInv:      It lets you see invisible.
   Will:      It increases your willpower.
 u - +1 gold dragon scales
 v - a scarf of repulsion (worn)
 D - the +2 pair of gloves of the Demon Prince (worn) {rF+ Will+ Int+3}
   (You found it on level 3 of the Elven Halls)

   Int:       It affects your intelligence (+3).
   rF:        It protects you from fire.
   Will:      It increases your willpower.
 E - a +2 cloak
 L - a +2 pair of boots of stealth (worn)
 U - a scarf of resistance
Jewellery
 e - a ring of poison resistance
 j - a +4 ring of slaying (right hand)
 t - an amulet of reflection
 y - a +4 ring of protection
 B - a ring of flight
 G - the ring "Muufun" (left hand) {rPois rF+ rCorr Stlth+}
   (You found it on level 5 of the Lair of Beasts)

   [ring of protection from fire]

   rF:        It protects you from fire.
   rPois:     It protects you from poison.
   rCorr:     It protects you from acid and corrosion.
   Stlth:     It makes you more stealthy.
 R - the amulet "Zimem" (around neck) {rElec Regen+ Str+2}
   (You found it on level 4 of the Shoals)

   [amulet of regeneration]

   Str:       It affects your strength (+2).
   rElec:     It insulates you from electricity.
   Regen:     It increases your rate of health regeneration.
Wands
 c - a wand of roots (55)
 J - a wand of quicksilver (35)
 O - a wand of flame (44)
 P - a wand of digging (11)
 Q - a wand of mindburst (55)
 V - a wand of polymorph (14)
 Y - a wand of charming (21)
Scrolls
 f - 3 scrolls of silence
 g - 8 scrolls of immolation
 h - 4 scrolls of revelation
 k - 18 scrolls of teleportation
 m - 3 scrolls of identify
 n - 6 scrolls of fear
 s - 5 scrolls of fog
 w - 4 scrolls of brand weapon
 z - 10 scrolls of vulnerability
 C - a scroll of enchant armour
 K - 2 scrolls of torment
 N - 5 scrolls of poison
 W - 2 scrolls of blinking
Potions
 l - 5 potions of resistance
 o - 9 potions of curing
 q - 3 potions of attraction
 r - a potion of berserk rage
 x - 12 potions of brilliance
 A - 5 potions of lignification
 F - a potion of heal wounds
 I - 4 potions of haste
 M - 2 potions of mutation
 S - 9 potions of ambrosia
 T - 5 potions of might
 X - 3 potions of magic
 Z - 9 potions of enlightenment


   Skills:
 + Level 21.5 Fighting
 - Level 14.0 Short Blades
 - Level 20.0 Ranged Weapons
 + Level 21.1 Armour
 + Level 19.6 Dodging
 + Level 12.0 Stealth
 + Level 17.7 Invocations
 + Level 12.0 Evocations


You had 23 spell levels left.
You didn't know any spells.
Your spell library contained the following spells:

 Spells                   Type           Power      Damage    Failure   Level
 Apportation              Tloc           0%         N/A       77%         1
 Kiss of Death            Conj/Necr      0%         2d5       77%         1
 Shock                    Conj/Air       0%         1d3       77%         1
 Blink                    Tloc           0%         N/A       88%         2
 Cigotuvi's Dreadful Rot  Necr/Pois/Air  0%         N/A       88%         2
 Lesser Beckoning         Tloc           0%         N/A       88%         2
 Momentum Strike          Conj/Tloc      0%         3d8       88%         2
 Static Discharge         Conj/Air       0%         2-2/arc   88%         2
 Sublimation of Blood     Necr           0%         N/A       88%         2
 Wereblood                Tmut           0%         N/A       88%         2
 Confusing Touch          Hex            0%         N/A       98%         3
 Gell's Gravitas          Tloc           0%         N/A       98%         3
 Hailstorm                Conj/Ice       0%         3d3       98%         3
 Ignite Poison            Fire/Tmut/Pois 0%         N/A       98%         3
 Inner Flame              Hex/Fire       0%         N/A       98%         3
 Mephitic Cloud           Conj/Pois/Air  0%         N/A       98%         3
 Ozocubu's Armour         Ice            0%         N/A       98%         3
 Portal Projectile        Hex/Tloc       0%         N/A       98%         3
 Swiftness                Air            0%         N/A       98%         3
 Teleport Other           Tloc           0%         N/A       98%         3
 Tukima's Dance           Hex            0%         N/A       98%         3
 Volatile Blastmotes      Fire/Tloc      0%         2d10      98%         3
 Airstrike                Air            0%         2d(0-16)  100%        4
 Anguish                  Hex/Necr       0%         N/A       100%        4
 Animate Armour           Summ/Erth      0%         N/A       100%        4
 Animate Dead             Necr           0%         N/A       100%        4
 Cause Fear               Hex            0%         N/A       100%        4
 Dispel Undead            Necr           0%         3d6       100%        4
 Flame Wave               Conj/Fire      0%         2d4       100%        4
 Fulminant Prism          Conj/Hex       0%         3d5       100%        4
 Iskenderun's Mystic Bla  Conj/Tloc      0%         2d3       100%        4
 Leda's Liquefaction      Hex/Erth       0%         N/A       100%        4
 Manifold Assault         Tloc           0%         N/A       100%        4
 Olgreb's Toxic Radiance  Pois           0%         N/A       100%        4
 Passage of Golubria      Tloc           0%         N/A       100%        4
 Petrify                  Tmut/Erth      0%         N/A       100%        4
 Sticky Flame             Conj/Fire      0%         2d3       100%        4
 Summon Lightning Spire   Summ/Air       0%         N/A       100%        4
 Agony                    Necr           0%         N/A       100%        5
 Alistair's Intoxication  Tmut/Pois      0%         N/A       100%        5
 Borgnjor's Vile Clutch   Necr/Erth      0%         N/A       100%        5
 Fireball                 Conj/Fire      0%         3d3       100%        5
 Freezing Cloud           Conj/Ice/Air   0%         6-21      100%        5
 Irradiate                Conj/Tmut      0%         3d11      100%        5
 Lee's Rapid Deconstruct  Erth           0%         3d4*      100%        5
 Silence                  Hex/Air        0%         N/A       100%        5
 Summon Forest            Summ/Tloc      0%         N/A       100%        5
 Death Channel            Necr           0%         N/A       100%        6
 Dispersal                Tloc           0%         N/A       100%        6
 Eringya's Noxious Bog    Tmut/Pois      0%         4d6       100%        6
 Leda's Unmaking          Conj/Erth      0%         9d1       100%        6
 Simulacrum               Ice/Necr       0%         N/A       100%        6
 Enfeeble                 Hex            0%         N/A       100%        7
 Haunt                    Necr/Summ      0%         N/A       100%        7
 Orb of Destruction       Conj           0%         9d5       100%        7
 Ozocubu's Refrigeration  Ice            0%         4d7       100%        7
 Summon Hydra             Summ           0%         N/A       100%        7
 Discord                  Hex            0%         N/A       100%        8
 Disjunction              Tloc           0%         N/A       100%        8
 Ignition                 Fire           0%         3d3       100%        8
 Infestation              Necr           0%         N/A       100%        8
 Lehudib's Crystal Spear  Conj/Erth      0%         10d2      100%        8
 Chain Lightning          Conj/Air       0%         N/A       100%        9
 Fire Storm               Conj/Fire      0%         5d1       100%        9
 Shatter                  Erth           0%         3d5*      100%        9


Dungeon Overview and Level Annotations

Branches:
Dungeon (15/15)            Temple (0/1) D:4            Lair (5/5) D:9
 Shoals (4/4) Lair:2       Spider (4/4) Lair:2        Slime (0/5) Lair:4
    Orc (2/2) D:11            Elf (3/3) Orc:2        Vaults (0/5) D:13
 Depths (4/4) D:15            Zot (5/5) Depths:4      IceCv (visited)

Altars:
Elyvilon
Fedhas
Gozag
Kikubaaqudgha
Makhleb
Okawaru
Qazlal
Sif Muna
Trog
Uskayaw
Vehumet
Wu Jian
Jiyva

Shops:
D:5 *   D:8 :   Orc:2 :[**   Elf:1 ?   Depths:1 =[   Depths:4 =:=

Portals:
Hell: Depths:1 Depths:2 Depths:3 Depths:4
Abyss: Depths:3
Pandemonium: Depths:2 Depths:3 Depths:4
Ziggurat: Depths:4

Annotations:
D:10 2 transporters, kaychamo's ghost, novice OpSh
D:14 2 runed translucent doors
Lair:2 2 transporters, floatRand's ghost, journeyman DrSh
Shoals:2 3 runed translucent doors, Puehisaith's ghost, journeyman GrEE
Orc:2 3 runed translucent doors, initializr's ghost, journeyman GrEE
Elf:1 3 runed translucent doors, Ontoju Zobb's ghost, adept FeSu
Elf:2 5 runed translucent doors
Zot:3 1 runed translucent door, Shym's ghost, legendary DjFE
Abyss:1 Flippered's ghost, journeyman GnDe


Innate Abilities, Weirdness & Mutations

You have a pair of horns on your head.
You reflexively headbutt those who attack you in melee.
You are very agile. (Dex +8, Str/Int -2)
You possess an exceptional clarity of mind.
Your flesh is heat resistant. (rF+)
You are robust. (+10% HP)
You are weak. (Str -2)


Message History

The death cob hits you. The death cob drains your vigour!
You feel yourself slow down.
An ancient lich comes into view.
The death cob misses you. You furiously retaliate!
You headbutt the death cob.
The Killer Klown blinks!
The Orb Guardian attacks as you move away!
The Orb Guardian hits you but does no damage.
An Orb Guardian comes into view.
The death cob hits you. The death cob drains your vigour!
You feel as though you will be slow longer.
The death cob hits you! The death cob drains your vigour!
You feel as though you will be slow longer.
An Orb Guardian comes into view.
The Killer Klown blinks!
A quicksilver dragon comes into view.
The death cob hits you but does no damage. x2
An Orb Guardian comes into view.
The Orb Guardian completely misses you. You furiously retaliate!
You headbutt the Orb Guardian. The Orb Guardian barely misses you.
The death cob barely misses you. The death cob closely misses you.
You furiously retaliate!
You headbutt the death cob! The Orb Guardian hits you!
The quicksilver dragon breathes dispelling energy at you.
The bolt of dispelling energy hits you!!!
Your magical effects are unravelling.
A moth of wrath comes into view.
The death cob hits you!
* * * LOW HITPOINT WARNING * * *
The death cob drains your vigour!
You feel as though you will be slow longer.
The Orb Guardian hits you!
* * * LOW HITPOINT WARNING * * *
The Orb Guardian barely misses you. You furiously retaliate!
You headbutt the Orb Guardian. The Orb Guardian misses you.
The Killer Klown blinks!
The death cob hits you!
* * * LOW HITPOINT WARNING * * *
The Orb Guardian hits you!!
* * * LOW HITPOINT WARNING * * *
The Orb Guardian hits you!!
You die...

.........................)⌠......
......................))..÷......
#....##.....####.######...#######
##...#.....## #)# #...# #...
#........## #)## ##### #...
#.......## #".# #...
#####▓▓▓▓########.######## ▓###
....## #......X.....^..# **,,
.....## ##...DX@.......## **,,,
......## #....Xz.......# **,,,,
.......# ##.....X.....## *,,,,,
..^....# #.*..LL.....# *,,,,,
.......# ##....X..pX..## *,,,,,
.......# #........D?...# *,,,,,
.......# ##...........y.## *,,,,,
.......###...............##*,,,,.
^..^..###...###########...###,,q.


You could see an orb of fire, a Killer Klown, 2 ancient liches, a death cob, 2
quicksilver dragons, 6 Orb Guardians and a moth of wrath.

Vanquished Creatures
  2 dread liches
  3 orbs of fire
  An ancient lich (Zot:5)
  A juggernaut (Depths:3)
  2 Killer Klowns
  3 curse toes
  8 golden dragons
  Jory (Depths:1)
  2 bone dragons (Depths:4)
  An Ice Fiend (IceCv)
  2 liches
  7 Orb Guardians (Zot:5)
  15 tentacled monstrosities
  Asterion (Depths:1)
  A walking earthen tome (Depths:3)
  2 deep elf blademasters (Elf:3)
  6 quicksilver dragons
  2 deep elf master archers (Elf:3)
  A sphinx (Depths:2)
  2 krakens
  Gastronok (Lair:1)
  2 walking divine tomes
  3 tentacled starspawn
  4 death cobs
  A storm dragon (shapeshifter) (Depths:3)
  4 tengu reavers
  7 shadow dragons
  4 draconian monks
  6 fire giants
  11 storm dragons
  7 emperor scorpions
  7 draconian knights
  2 iron dragons
  Louise (Depths:3)
  6 deep elf sorcerers (Elf:3)
  10 ghost moths
  7 frost giants
  A balrug (Abyss:1)
  5 deep elf elementalists (Elf:3)
  2 broodmothers
  2 draconian shifters
  7 draconian annihilators
  27 very ugly things
  10 draconian scorchers
  6 draconian stormcallers
  4 spriggan defenders
  11 stone giants
  8 green draconians
  9 deep elf demonologists
  5 vampire knights
  14 black draconians
  8 yellow draconians
  Azrael (Orc:2)
  4 spark wasps
  13 red draconians
  10 white draconians
  8 deep elf annihilators
  14 purple draconians
  12 eidola (Depths:1)
  10 deep elf death magi (Elf:3)
  4 deep elf high priests
  13 merfolk impalers
  A green death (Depths:4)
  An ettin (Depths:2)
  Josephine (Lair:4)
  3 merfolk javelineers
  8 fire dragons
  6 entropy weavers
  A rakshasa (Depths:2)
  A fenstrider witch zombie (Abyss:1)
  3 spriggan air magi
  A hell beast (Depths:1)
  12 ice dragons
  2 jorogumos (Spider:4)
  An ogre mage (D:13)
  Erolcha (D:9)
  9 boulder beetles
  6 hydras
  An alligator snapping turtle (Shoals:2)
  7 centaur warriors
  8 merfolk avatars
  2 death knights
  2 satyrs
  6 two-headed ogres
  2 catoblepae
  4 merfolk aquamancers
  10 deep troll shamans
  11 dancing weapons
  4 deep troll earth magi
  5 death yaks (Lair:5)
  9 demonic crawlers
  A hell hog (Depths:1)
  7 tengu warriors
  A vampire mage (Depths:4)
  3 orc high priests (Orc:2)
  A thrashing horror (Abyss:3)
  A soul eater (Depths:1)
  4 sun demons
  4 spriggan berserkers
  6 spriggans
  12 deep elf knights
  5 wretched stars
  11 skeletal warriors
  A skyshark (shapeshifter) (Depths:3)
  A sixfirhy (Depths:4)
  9 large abominations
  6 skysharks
  6 pharaoh ants
  8 sea snakes
  3 iron trolls (Depths:2)
  6 shadow wraiths (Depths:1)
  A death drake (shapeshifter) (Depths:2)
  A sun moth (Spider:3)
  13 deep trolls
  A quicksilver dragon simulacrum (Depths:1)
  A glowing orange brain (Depths:2)
  A bog body (IceCv)
  8 flayed ghosts
  12 orb spiders
  5 spriggan simulacra (IceCv)
  11 steelbarb worms
  6 starcursed masses (Abyss:3)
  10 wolf spider zombies (Spider:2)
  14 deep elf archers
  A harpy (shapeshifter) (D:13)
  An obsidian statue (IceCv)
  An orange crystal statue (IceCv)
  3 phantasmal warriors (Depths:1)
  14 harpies
  2 necromancers
  31 deep elf zephyrmancers
  7 orc knights
  29 deep elf pyromancers
  13 manticores
  An iron dragon zombie (Depths:3)
  7 orc sorcerers
  13 fauns
  29 ugly things
  8 wolf spiders
  33 moths of wrath
  2 worldbinders (Abyss:3)
  8 cyclopes
  5 black mambas
  2 ice statues (D:14)
  A water nymph (shapeshifter) (Depths:3)
  Joseph (D:8)
  An apocalypse crab (Abyss:1)
  13 merfolk sirens
  A rust devil (Depths:4)
  13 elephants
  4 smoke demons
  9 water nymphs
  A cane toad (shapeshifter) (Depths:2)
  3 orange demons
  4 centaur skeletons (D:13)
  6 torpor snails
  9 rime drakes
  12 cane toads
  9 freezing wraiths
  Maggie (D:8)
  4 kobold demonologists
  5 redback zombies (Spider:2)
  10 komodo dragons
  An efreet (Abyss:1)
  A yaktaur (D:15)
  6 ice devils
  4 tengu conjurers
  3 ancient zymes
  A silent spectre (Abyss:1)
  4 harpy zombies (Shoals:2)
  7 trolls
  23 merfolk
  A red devil (Depths:4)
  8 meliai
  7 hornets
  6 wind drakes
  A queen bee (Abyss:3)
  5 polar bears
  Prince Ribbit (D:6)
  20 tarantellas
  8 dream sheep
  A hellwing (Depths:4)
  19 blink frogs
  2 raiju
  10 culicivora zombies (Spider:2)
  13 snapping turtles
  25 jumping spiders
  6 tarantella zombies (Spider:2)
  A jumping spider (shapeshifter) (Elf:1)
  A ynoxinul (Abyss:3)
  A culicivora (shapeshifter) (D:15)
  21 culicivoras
  5 slime creatures (D:12)
  Sigmund (D:6)
  3 shadows
  3 air elementals
  8 wraiths
  2 dire elephant simulacra (IceCv)
  2 vampires
  Eustachio (D:6)
  6 wyverns
  8 fire elementals
  18 water elementals
  3 steam dragons
  2 chaos spawn
  A golden eye (shapeshifter) (Spider:2)
  78 yaks
  5 basilisks
  9 small abominations
  50 redbacks
  3 minotaur simulacra (IceCv)
  A neqoxec (Depths:3)
  18 vampire mosquitoes
  Menkaure (D:6)
  A warg (Orc:2)
  3 harpy simulacra (IceCv)
  An acid dragon (D:4)
  3 hell hounds (Orc:2)
  18 water moccasins
  A hydra simulacrum (IceCv)
  14 orc warriors
  2 black bears
  An ice beast (D:8)
  A sky beast (D:4)
  3 ogres
  5 centaurs
  14 wolves
  6 kobold brigands
  2 phantoms
  Blork the orc (D:6)
  7 bullfrogs
  2 deep troll simulacra (IceCv)
  A necrophage (D:6)
  2 gnoll sergeants
  9 scorpions
  2 glowing shapeshifter simulacra (Depths:3)
  A cane toad simulacrum (Lair:3)
  2 earth elementals
  8 wights
  2 blink frog simulacra (Lair:3)
  2 lindwurm simulacra (IceCv)
  11 killer bees
  6 electric eels
  2 rime drake simulacra (Lair:3)
  3 howler monkeys (D:7)
  A crimson imp (Abyss:1)
  2 komodo dragon simulacra (Lair:3)
  A quasit (Abyss:1)
  A hound (D:5)
  16 orc priests
  3 sleepcaps
  5 jellies
  2 iron imps
  Natasha (twice) (D:2)
  4 gnoll boudas
  2 iguanas
  20 orc wizards
  A statue (D:10)
  A hound skeleton (D:6)
  28 gnolls
  14 adders
  A white imp (D:5)
  4 ufetubi
  3 worms
  2 dart slugs (D:1)
  67 orcs
  9 bats
  A bat zombie (Shoals:2)
  7 endoplasms
  6 giant cockroaches
  4 hobgoblins
  4 jackals
  19 kobolds
  5 quokkas
  6 ball pythons
  2 frilled lizards
  6 goblins
  6 rats
  6 starspawn tentacles (Abyss:1)
  A tentacle (Shoals:3)
1812 creatures vanquished.

Vanquished Creatures (collateral kills)
  A tentacled monstrosity (Zot:1)
  A draconian shifter (Zot:1)
  A yellow draconian (Zot:1)
  2 white draconians (Zot:1)
  A purple draconian (Zot:1)
6 creatures vanquished.

Vanquished Creatures (others)
  A draconian knight (Zot:2)
  A black draconian (Zot:3)
  A deep elf knight (Elf:3)
  A redback (Spider:4)
  An orc priest (Orc:2)
  7 starspawn tentacles
  7 tentacles
19 creatures vanquished.

Grand Total: 1837 creatures vanquished

Notes
Turn   | Place    | Note
-------+----------+-------------------------------------------
     0 | D:1      | Anon1729 the Minotaur Monk began the quest for the Orb.
     0 | D:1      | Reached XP level 1. HP: 19/19 MP: 0/0
    52 | D:1      | Reached XP level 2. HP: 27/27 MP: 1/1
   250 | D:1      | Got Qosotz's Folio of Effluvium and Calling
   412 | D:1      | Reached skill level 1 in Armour
   944 | D:2      | Reached skill level 1 in Invocations
   944 | D:2      | Reached XP level 3. HP: 25/33 MP: 2/2
  1078 | D:2      | Noticed Natasha
  1084 | D:2      | Killed Natasha
  1105 | D:2      | Noticed Natasha
  1119 | D:2      | Killed Natasha
  1120 | D:2      | Reached XP level 4. HP: 21/40 MP: 2/4
  1708 | D:2      | You fall into a shaft and drop 1 floor!
  2021 | D:3      | Reached XP level 5. HP: 33/47 MP: 3/5
  3055 | D:4      | Found a large runed translucent door.
  3081 | D:4      | Found a large runed translucent door.
  3104 | D:4      | Found a staircase to the Ecumenical Temple.
  3118 | D:4      | Found a large runed translucent door.
  3119 | D:4      | Found a large runed translucent door.
  3181 | D:4      | Noticed a sky beast
  3192 | D:4      | Killed a sky beast
  3193 | D:4      | Reached XP level 6. HP: 52/55 MP: 4/6
  3278 | D:4      | Found an iron altar of Okawaru.
  3693 | D:4      | Found a blossoming altar of Fedhas.
  3706 | D:4      | Reached skill level 5 in Fighting
  3815 | D:4      | Noticed an acid dragon
  4060 | D:4      | Killed an acid dragon
  4061 | D:4      | Reached XP level 7. HP: 40/61 MP: 4/8
  4151 | D:4      | Reached skill level 5 in Short Blades
  4151 | D:4      | Reached skill level 5 in Dodging
  4212 | D:4      | Identified the +4 mace of the Living Dead {spect, rC- rN++
                  | rCorr Stlth+}
  4321 | D:5      | Entered Level 5 of the Dungeon
  4490 | D:5      | Found an ancient bone altar of Kikubaaqudgha.
  4610 | D:5      | Noticed a vampire mosquito
  4611 | D:5      | Noticed a vampire mosquito
  4612 | D:5      | Noticed a vampire mosquito
  4622 | D:5      | Killed a vampire mosquito
  4623 | D:5      | Reached XP level 8. HP: 36/70 MP: 5/9
  4648 | D:5      | Reached skill level 5 in Armour
  4986 | D:5      | Found Exif's General Store.
  5041 | D:5      | Found an ornate altar of the Wu Jian Council.
  5239 | D:6      | Noticed Prince Ribbit
  5256 | D:6      | Killed Prince Ribbit
  5257 | D:6      | Reached skill level 1 in Ranged Weapons
  5413 | D:6      | Reached skill level 5 in Invocations
  5413 | D:6      | Reached XP level 9. HP: 73/79 MP: 9/11
  5521 | D:6      | Noticed Menkaure
  5729 | D:6      | Killed Menkaure
  5858 | D:6      | Found a shimmering blue altar of Sif Muna.
  5876 | Abyss:1  | Cast into level 1 of the Abyss (gnoll)
  5919 | Abyss:1  | Found a corrupted altar of Lugonu.
  5925 | Abyss:1  | Found a corrupted altar of Lugonu.
  5925 | Abyss:1  | Found a corrupted altar of Lugonu.
  5932 | Abyss:1  | Noticed an efreet
  5949 | Abyss:1  | Killed an efreet
  6055 | Abyss:1  | Noticed an unseen horror
  6057 | Abyss:1  | Noticed a smoke demon
  6068 | Abyss:1  | Found a corrupted altar of Lugonu.
  6091 | Abyss:1  | Found a corrupted altar of Lugonu.
  6142 | Abyss:1  | Found a corrupted altar of Lugonu.
  6148 | Abyss:1  | Became a worshipper of Lugonu the Unformed
  6148 | Abyss:1  | Reached * piety under Lugonu
  6148 | Abyss:1  | Reached ** piety under Lugonu
  6148 | Abyss:1  | Reached *** piety under Lugonu
  6149 | D:6      | Escaped the Abyss
  6377 | D:6      | Noticed Blork the orc
  6382 | D:6      | Killed Blork the orc
  6409 | D:6      | Noticed Eustachio
  6423 | D:6      | Killed Eustachio
  6444 | D:6      | Noticed Sigmund
  6452 | D:6      | Killed Sigmund
  6507 | D:6      | Found a burning altar of Makhleb.
  6742 | D:7      | Reached XP level 10. HP: 90/90 MP: 13/13
  7399 | D:7      | Found a stormy altar of Qazlal.
  7659 | D:7      | Identified the +7 great sword of Evolution {holy, Drain
                  | rElec Str+6}
  7959 | D:8      | Noticed a two-headed ogre
  7966 | D:8      | Killed a two-headed ogre
  7966 | D:8      | Reached **** piety under Lugonu
  8048 | D:8      | Noticed Maggie
  8053 | D:8      | Killed Maggie
  8054 | D:8      | Reached skill level 5 in Ranged Weapons
  8321 | D:8      | Noticed a green ugly thing
  8337 | D:8      | Killed a green ugly thing
  9323 | D:8      | Found Ici Hau's Book Shoppe.
  9328 | D:8      | Noticed Joseph
  9344 | D:8      | Killed Joseph
  9667 | D:9      | Noticed Erolcha
  9673 | D:9      | Killed Erolcha
  9674 | D:9      | Reached XP level 11. HP: 58/97 MP: 9/15
 10204 | D:9      | Found a staircase to the Lair.
 10408 | D:10     | Entered Level 10 of the Dungeon
 10495 | D:10     | Found a transporter.
 10502 | D:10     | Found a bloodstained altar of Trog.
 10512 | D:10     | Found a transporter.
 10513 | D:10     | Noticed a two-headed ogre
 10513 | D:10     | Noticed kaychamo's ghost (novice OpSh)
 10513 | D:10     | Noticed a two-headed ogre
 10528 | D:10     | Reached skill level 10 in Fighting
 10578 | D:10     | Found a radiant altar of Vehumet.
 10715 | D:10     | Noticed a tengu warrior
 10806 | D:10     | Reached ***** piety under Lugonu
 10919 | D:10     | Noticed a two-headed ogre
 10927 | D:10     | Killed a two-headed ogre
 11052 | D:10     | Found the +16 obsidian axe {drain, demonic, Mesm Drain Fly
                  | SInv}
 11111 | D:11     | Noticed a boulder beetle
 11160 | D:11     | Found a staircase to the Orcish Mines.
 11449 | D:11     | Reached XP level 12. HP: 103/108 MP: 15/17
 11467 | D:11     | Killed a boulder beetle
 11468 | D:11     | Reached skill level 10 in Armour
 12128 | D:12     | Reached skill level 10 in Short Blades
 12583 | D:12     | Reached skill level 10 in Dodging
 12788 | D:5      | Bought the +8 storm bow {elec, penet} for 632 gold pieces
 12788 | D:5      | Found the +8 storm bow {elec, penet}
 12788 | D:5      | Bought a potion of curing for 30 gold pieces
 12884 | Lair:1   | Entered Level 1 of the Lair of Beasts
 12961 | Lair:1   | Noticed Gastronok
 12978 | Lair:1   | Killed Gastronok
 13380 | Lair:2   | Found a hole to the Spider Nest.
 13489 | Lair:2   | Found a staircase to the Shoals.
 13542 | Lair:2   | Got the Secrets of Indecent Exposure
 13560 | Lair:2   | Noticed a six-headed hydra
 13565 | Lair:2   | Killed a six-headed hydra
 13613 | Lair:2   | Reached ****** piety under Lugonu
 13626 | Lair:2   | Reached XP level 13. HP: 99/117 MP: 15/18
 13705 | Lair:2   | Found a transporter.
 13705 | Lair:2   | Found a transporter.
 13705 | Lair:2   | Noticed floatRand's ghost (journeyman DrSh)
 13709 | Lair:2   | Got the Enchiridion on Fulgent Virulence
 13879 | Lair:2   | Reached skill level 10 in Ranged Weapons
 14729 | Lair:3   | Found a runed translucent gate.
 14729 | Lair:3   | Found a runed translucent gate.
 14729 | Lair:3   | Found a runed translucent gate.
 14969 | Lair:3   | Noticed Flippered's ghost (journeyman GnDe)
 15640 | Lair:4   | Reached skill level 10 in Invocations
 15648 | Lair:4   | Found a viscous altar of Jiyva.
 15649 | Lair:4   | Found a staircase to the Slime Pits.
 16133 | Lair:4   | Noticed Josephine
 16138 | Lair:4   | Killed Josephine
 16166 | Lair:5   | Entered Level 5 of the Lair of Beasts
 16432 | Lair:5   | Reached XP level 14. HP: 120/127 MP: 20/20
 16650 | Lair:5   | Identified the ring "Muufun" {rPois rF+ rCorr Stlth+}
 17839 | Lair:3   | Banished Flippered's ghost
 17856 | Lair:3   | Got the ring of Arch {Fire rElec Dex+5 Slay-2}
 18587 | D:13     | HP: 6/129 [deep elf zephyrmancer/bolt of lightning (27)]
 18795 | D:13     | Found a gate to the Vaults.
 19361 | Orc:1    | Entered Level 1 of the Orcish Mines
 19736 | Orc:2    | Entered Level 2 of the Orcish Mines
 19834 | Orc:2    | Found a staircase to the Elven Halls.
 19858 | Orc:2    | Reached XP level 15. HP: 138/138 MP: 22/22
 19860 | Orc:2    | Noticed Azrael
 19873 | Orc:2    | Killed Azrael
 20162 | Orc:2    | Found a runed translucent gate.
 20163 | Orc:2    | Found a runed translucent gate.
 20175 | Orc:2    | Found a runed translucent gate.
 20175 | Orc:2    | Noticed initializr's ghost (journeyman GrEE)
 20282 | Orc:2    | Found Yshryt's General Store.
 20343 | Orc:2    | Found Tioxkeru's General Store.
 20347 | Orc:2    | Bought a scroll of fear for 56 gold pieces
 20347 | Orc:2    | Bought a potion of curing for 42 gold pieces
 20347 | Orc:2    | Bought a scroll of identify for 28 gold pieces
 20347 | Orc:2    | Bought a scroll of identify for 28 gold pieces
 20356 | Orc:2    | Bought a potion of curing for 42 gold pieces
 20356 | Orc:2    | Bought 2 potions of resistance for 280 gold pieces
 20356 | Orc:2    | Bought a scroll of enchant armour for 105 gold pieces
 20356 | Orc:2    | Found Uxta's Antique Armour Shop.
 20358 | Orc:2    | Found Dypedoligh's Book Shoppe.
 20364 | Orc:2    | Bought a pair of crude gloves for 285 gold pieces
 20364 | Orc:2    | Identified the +0 pair of gloves of Vumoame {Contam rCorr
                  | Str+2} (You bought it in a shop on level 2 of the Orcish
                  | Mines)
 21184 | D:14     | Found a frozen archway.
 21229 | IceCv    | Entered an ice cave
 21384 | IceCv    | Reached skill level 15 in Ranged Weapons
 21389 | IceCv    | Noticed an Ice Fiend
 21402 | IceCv    | Killed an Ice Fiend
 21496 | IceCv    | Identified the +1 ring mail of Telle {rC+}
 21749 | IceCv    | Gained mutation: You do not regenerate when monsters are
                  | visible. [a neqoxec]
 21766 | IceCv    | Lost mutation: You do not regenerate when monsters are
                  | visible. [potion of mutation]
 21766 | IceCv    | Gained mutation: Your flesh is cold resistant. (rC+)
                  | [potion of mutation]
 21766 | IceCv    | Gained mutation: You are dopey. (Int -2) [potion of
                  | mutation]
 21766 | IceCv    | Gained mutation: Armour fits poorly on your strangely
                  | shaped body. [potion of mutation]
 21767 | IceCv    | Lost mutation: Your flesh is cold resistant. (rC+) [potion
                  | of mutation]
 21767 | IceCv    | Lost mutation: Armour fits poorly on your strangely shaped
                  | body. [potion of mutation]
 21767 | IceCv    | Gained mutation: Your muscles are strong. (Str +4, Int/Dex
                  | -1) [potion of mutation]
 21767 | IceCv    | Gained mutation: Your muscles are very strong. (Str +8,
                  | Int/Dex -2) [potion of mutation]
 21767 | IceCv    | Gained mutation: You occasionally lose the ability to read
                  | scrolls when taking damage. [potion of mutation]
 21767 | IceCv    | Gained mutation: Your flesh is heat resistant. (rF+)
                  | [potion of mutation]
 21768 | IceCv    | Lost mutation: Your flesh is heat resistant. (rF+) [potion
                  | of mutation]
 21768 | IceCv    | Lost mutation: Your muscles are very strong. (Str +8,
                  | Int/Dex -2) [potion of mutation]
 21768 | IceCv    | Lost mutation: Your muscles are strong. (Str +4, Int/Dex
                  | -1) [potion of mutation]
 21768 | IceCv    | Lost mutation: You are dopey. (Int -2) [potion of mutation]
 21768 | IceCv    | Gained mutation: Your spells are a little harder to cast,
                  | but a little more powerful. [potion of mutation]
 21768 | IceCv    | Gained mutation: You possess an exceptional clarity of
                  | mind. [potion of mutation]
 21768 | IceCv    | Gained mutation: You have a pair of large horns on your
                  | head. [potion of mutation]
 21769 | IceCv    | Lost mutation: You have a pair of large horns on your head.
                  | [potion of mutation]
 21769 | IceCv    | Lost mutation: You possess an exceptional clarity of mind.
                  | [potion of mutation]
 21769 | IceCv    | Lost mutation: Your spells are a little harder to cast, but
                  | a little more powerful. [potion of mutation]
 22078 | D:14     | Found a runed translucent door.
 22078 | D:14     | Found a runed translucent door.
 22173 | D:14     | Reached skill level 15 in Fighting
 22417 | D:14     | Found a runed translucent door.
 22568 | D:14     | Reached XP level 16. HP: 91/142 MP: 24/24
 22743 | D:15     | Entered Level 15 of the Dungeon
 23761 | D:15     | Found a staircase to the Depths.
 23848 | D:15     | Found a hide-covered altar of Uskayaw.
 24189 | Shoals:1 | Entered Level 1 of the Shoals
 24629 | Shoals:1 | Reached skill level 15 in Armour
 25376 | Shoals:2 | Found a runed translucent gate.
 25376 | Shoals:2 | Found a runed translucent gate.
 25376 | Shoals:2 | Found a runed translucent gate.
 25484 | Shoals:1 | HP: 7/150 [poisoned by a merfolk impaler]
 25489 | Shoals:1 | HP: 7/150 [poisoned by a merfolk impaler]
 25649 | Shoals:2 | Reached skill level 1 in Stealth
 25653 | Shoals:2 | Reached skill level 1 in Evocations
 26076 | Shoals:2 | Noticed Puehisaith's ghost (journeyman GrEE)
 26656 | Shoals:3 | Noticed a kraken
 26662 | Shoals:3 | Killed a kraken
 26765 | Shoals:3 | Reached XP level 17. HP: 158/158 MP: 25/25
 27192 | Shoals:4 | Entered Level 4 of the Shoals
 27222 | Shoals:4 | Noticed a kraken
 27234 | Shoals:4 | Killed a kraken
 28227 | Shoals:4 | Got a barnacled rune of Zot
 28376 | Shoals:4 | Identified the amulet "Zimem" {rElec Regen+ Str+2}
 28587 | Shoals:4 | Identified the ring "Uhas" {Wiz Will- Dex+4}
 28744 | Spider:1 | Entered Level 1 of the Spider Nest
 30193 | Spider:2 | Reached skill level 15 in Dodging
 31319 | Spider:3 | Reached XP level 18. HP: 168/168 MP: 27/27
 31949 | Spider:4 | Entered Level 4 of the Spider Nest
 31959 | Spider:4 | Reached skill level 5 in Stealth
 32245 | Spider:4 | Reached skill level 5 in Evocations
 32643 | Spider:4 | Identified the +2 chain mail of the Onion {rC+ rCorr SInv}
 32713 | Spider:4 | Identified the amulet of Qicay {Acrobat Fragile rPois rF+}
 33375 | Spider:4 | Got a gossamer rune of Zot
 33839 | Elf:1    | Entered Level 1 of the Elven Halls
 33910 | Elf:1    | Paralysed by an air elemental for 1 turns
 33926 | Elf:1    | Noticed a Hell Sentinel
 34111 | Elf:1    | Found a runed translucent gate.
 34112 | Elf:1    | Found a runed translucent gate.
 34115 | Elf:1    | Found a runed translucent gate.
 34115 | Elf:1    | Noticed Ontoju Zobb's ghost (adept FeSu)
 34117 | Elf:1    | Found a viscous altar of Jiyva.
 34313 | Elf:1    | Reached XP level 19. HP: 162/171 MP: 28/28
 34540 | Elf:1    | Found Gaimn's Distillery.
 34548 | Elf:1    | Bought a potion of enlightenment for 90 gold pieces
 34548 | Elf:1    | Bought a potion of ambrosia for 144 gold pieces
 34548 | Elf:1    | Bought 2 potions of resistance for 360 gold pieces
 34548 | Elf:1    | Bought a potion of haste for 180 gold pieces
 34548 | Elf:1    | Bought a potion of haste for 180 gold pieces
 34548 | Elf:1    | Bought a potion of enlightenment for 90 gold pieces
 34548 | Elf:1    | Found Kyidetown's Magic Scroll Shoppe.
 34956 | Elf:2    | Lost mutation: You occasionally lose the ability to read
                  | scrolls when taking damage. [potion of mutation]
 34956 | Elf:2    | Gained mutation: Your spells are a little easier to cast,
                  | but a little less powerful. [potion of mutation]
 34956 | Elf:2    | Gained mutation: You possess an exceptional clarity of
                  | mind. [potion of mutation]
 34956 | Elf:2    | Gained mutation: You are robust. (+10% HP) [potion of
                  | mutation]
 35071 | Elf:2    | Found a huge runed translucent gate.
 35071 | Elf:2    | Found a huge runed translucent gate.
 35071 | Elf:2    | Found a huge runed translucent gate.
 35071 | Elf:2    | Found a huge runed translucent gate.
 35071 | Elf:2    | Found a huge runed translucent gate.
 35614 | Elf:3    | Entered Level 3 of the Elven Halls
 35723 | Elf:3    | Paralysed by an air elemental for 1 turns
 36046 | Elf:3    | Identified the ring of Midnight {Wiz rElec rPois rCorr
                  | Dex-3}
 36047 | Elf:3    | Identified the +0 short sword "Rime" {flame, Int+2}
 36170 | Elf:3    | Got Doanlu Essu's Volume of Guile
 36204 | Elf:3    | Identified the +5 whip of Paper {heavy, Drain Fragile
                  | +Blink rN+++}
 36204 | Elf:3    | Identified the staff "Beastslayer" {*Corrode rPois rF+
                  | Str+3 Poison}
 36313 | Elf:3    | Identified the +2 plate armour of Gaqezo {-Tele +Inv Regen+
                  | Int+5}
 36523 | Elf:3    | Noticed a Tzitzimitl
 36587 | Elf:3    | Got the Quarto of Foul Displacement
 36905 | Elf:3    | Identified the +2 pair of gloves of the Demon Prince {rF+
                  | Will+ Int+3}
 36919 | Elf:3    | Got Sif Muna's Secrets of the Morbid Welkin
 36951 | Elf:3    | Identified the +2 tower shield of Loj Budo {+Inv rF+ Dex-2}
 37005 | Elf:3    | Identified the +8 shortbow of the Mauling Gods {drain,
                  | Fragile rF+ Str+3 SInv}
 37011 | Elf:3    | Identified the staff of Extinguishment {*Slow rElec rN+
                  | Stlth+ Necro Earth}
 37441 | Depths:1 | Entered Level 1 of the Depths
 37450 | Depths:1 | Found a flickering gateway to a bazaar.
 37460 | Depths:1 | Reached XP level 20. HP: 144/205 MP: 30/30
 37580 | Bazaar   | Entered a bazaar
 37580 | Bazaar   | Found Jyaguage's Jewellery Shoppe.
 37597 | Bazaar   | Found Kooff's Magic Scroll Shoppe.
 37611 | Bazaar   | Found Qimostebb's Antique Armour Shoppe.
 37627 | Bazaar   | Bought the +5 robe of Night {Dark Will+ SInv} for 1320 gold
                  | pieces
 37627 | Bazaar   | Found the +5 robe of Night {Dark Will+ SInv}
 37709 | Depths:1 | Found a gateway to Hell.
 38049 | Depths:1 | Noticed Asterion
 38061 | Depths:1 | Gained mutation: You occasionally lose the ability to read
                  | scrolls when taking damage. [a cacodemon]
 38063 | Depths:1 | Killed Asterion
 38159 | Depths:1 | Found Osive's Antique Armour Shoppe.
 38180 | Depths:1 | Found Taecs's Jewellery Emporium.
 38219 | Depths:1 | Found a white marble altar of Elyvilon.
 38515 | Depths:1 | Reached skill level 15 in Invocations
 38787 | Depths:1 | Noticed Jory
 38808 | Depths:1 | Killed Jory
 39336 | Depths:1 | Identified the staff of Tenacity {rF+ Dex+7 SInv Fire}
 39376 | Depths:1 | Found the +10 morningstar "Eos" {elec, Halo rElec}
 39381 | Depths:1 | Got the Writings on the Chilly Dragon
 39857 | Depths:2 | HP: 8/207 [iron troll (12)]
 39863 | Depths:2 | Found an opulent altar of Gozag.
 40159 | Depths:2 | Found a one-way gate leading to the halls of Pandemonium.
 41135 | Depths:3 | Noticed Louise
 41145 | Depths:3 | Killed Louise
 41179 | Depths:3 | Found a one-way gate to the infinite horrors of the Abyss.
 41285 | Depths:3 | Reached XP level 21. HP: 190/217 MP: 31/31
 41330 | Depths:3 | Noticed a golden dragon
 41332 | Depths:3 | Noticed a juggernaut
 41335 | Depths:3 | Noticed a golden dragon
 41346 | Depths:3 | Killed a golden dragon
 41350 | Depths:3 | Killed a juggernaut
 41355 | Depths:3 | Killed a golden dragon
 41564 | Depths:3 | Identified the +2 chain mail of the Slightly Bent {rPois
                  | rC+}
 41567 | Depths:3 | Identified the +7 longbow "Ogrebane" {freeze, *Corrode
                  | Int+3 SInv}
 41572 | Depths:3 | Got the Collected Works on the Blink Frog and the Tincture
 41829 | Depths:3 | You fall into a shaft and drop 1 floor!
 41829 | Depths:4 | Entered Level 4 of the Depths
 41871 | Depths:4 | Paralysed by a vampire knight for 2 turns
 42116 | Depths:4 | Noticed a golden dragon
 42129 | Depths:4 | Killed a golden dragon
 42345 | Depths:4 | Found a gate to the Realm of Zot.
 42902 | Depths:4 | Found a one-way gateway to a ziggurat.
 43266 | Depths:4 | Found Haer On Ran's Jewellery Boutique.
 43266 | Depths:4 | Found Wucajiet's Book Emporium.
 43267 | Depths:4 | Found Vebalocvath's Jewellery Boutique.
 44374 | Depths:3 | Voluntarily entered the Abyss.
 44374 | Abyss:1  | Found a corrupted altar of Lugonu.
 44374 | Abyss:1  | Found a corrupted altar of Lugonu.
 44378 | Abyss:1  | Found a corrupted altar of Lugonu.
 44388 | Abyss:1  | Found a corrupted altar of Lugonu.
 44404 | Abyss:1  | Lost mutation: Your spells are a little easier to cast, but
                  | a little less powerful. [potion of mutation]
 44404 | Abyss:1  | Lost mutation: You occasionally lose the ability to read
                  | scrolls when taking damage. [potion of mutation]
 44404 | Abyss:1  | Gained mutation: You are weak. (Str -2) [potion of
                  | mutation]
 44404 | Abyss:1  | Gained mutation: You are agile. (Dex +4, Str/Int -1)
                  | [potion of mutation]
 44404 | Abyss:1  | Gained mutation: Your flesh is heat resistant. (rF+)
                  | [potion of mutation]
 44404 | Abyss:1  | Gained mutation: You are very agile. (Dex +8, Str/Int -2)
                  | [potion of mutation]
 44556 | Abyss:1  | Reached XP level 22. HP: 217/229 MP: 33/33
 44575 | Abyss:1  | Found a corrupted altar of Lugonu.
 44774 | Abyss:1  | Noticed a dread lich
 44794 | Abyss:1  | Killed a dread lich
 44863 | Abyss:2  | Found a corrupted altar of Lugonu.
 44879 | Abyss:2  | Noticed a dread lich
 44893 | Abyss:2  | Killed a dread lich
 44894 | Abyss:2  | Reached skill level 10 in Evocations
 45031 | Abyss:3  | Reached skill level 10 in Stealth
 45127 | Abyss:3  | Got an abyssal rune of Zot
 45265 | Depths:3 | Escaped the Abyss
 45308 | Zot:1    | Entered Level 1 of the Realm of Zot
 46138 | Zot:1    | You fall into a shaft and drop 1 floor!
 46597 | Zot:2    | Noticed a golden dragon
 46605 | Zot:2    | Killed a golden dragon
 47585 | Zot:2    | Noticed a Killer Klown
 47591 | Zot:2    | Killed a Killer Klown
 47868 | Zot:2    | Noticed a golden dragon
 47877 | Zot:2    | Killed a golden dragon
 47878 | Zot:2    | Reached XP level 23. HP: 220/233 MP: 34/34
 48528 | Zot:3    | Noticed an orb of fire
 48541 | Zot:3    | Killed an orb of fire
 48689 | Zot:3    | Found a runed translucent door.
 48691 | Zot:3    | Noticed Shym's ghost (legendary DjFE)
 48917 | Zot:3    | Identified the +2 whip of Istiufy {flame, +Blink}
 48947 | Zot:3    | Identified the +1 hand axe of Didov {flame, rElec rPois rF-
                  | Will+++}
 48959 | Zot:3    | Noticed an orb of fire
 48990 | Zot:3    | Killed an orb of fire
 49390 | Zot:3    | Identified the +0 robe of the Mantidfly {rPois Int-5 Dex-3
                  | Stlth+}
 49505 | Zot:3    | Identified the +5 chain mail of Atheism {*Slow rElec rCorr}
 49982 | Zot:4    | Noticed a curse toe
 49991 | Zot:4    | Killed a curse toe
 50460 | Zot:5    | Entered Level 5 of the Realm of Zot
 50481 | Zot:5    | Noticed a Killer Klown
 50487 | Zot:5    | Killed a Killer Klown
 50493 | Zot:5    | Noticed a curse toe
 50792 | Zot:5    | Killed a curse toe
 51016 | Zot:5    | Noticed a curse toe
 51029 | Zot:5    | Killed a curse toe
 51440 | Zot:5    | Noticed an ancient lich
 51470 | Zot:5    | Killed an ancient lich
 51501 | Zot:5    | Reached XP level 24. HP: 188/250 MP: 34/34
 51505 | Zot:5    | Noticed an orb of fire
 51527 | Zot:5    | Killed an orb of fire
 51647 | Zot:5    | Noticed a Killer Klown
 51651 | Zot:5    | Noticed an orb of fire
 51652 | Zot:5    | Noticed an ancient lich
 51652 | Zot:5    | Noticed an ancient lich
 51655 | Zot:5    | Mangled by an Orb Guardian

Illustrated notes

Levels and vault maps discovered:
D:1:      arrival_zaba_pyramid, layout_basic
D:2:      layout_loops_ring, uniq_natasha
D:3:      layout_loops_corners, minmay_stone_trees_small
D:4:      layout_basic, mainiacjoe_overflow_boulevard, fedhas_altar_3,
          minmay_temple_entry_overgrown, minmay_hollow_rounded_squares
D:5:      layout_rooms, marbit_many_paths,
          mainiacjoe_overflow_concentric_impassable, serial_shops,
          nicolae_shop_real_fake_doors
D:6:      layout_loops_ring, makhleb_blood_cavern_becter,
          mainiacjoe_overflow_six_doors_small, minivault_24,
          roderic_roman_lattice, st_stairs_10, minmay_misc_feat_secret_circle,
          uniq_blork_the_orc, uniq_prince_ribbit1, uniq_sigmund, uniq_eustachio,
          uniq_menkaure
D:7:      minmay_blocky_corners, layout_layer_cave,
          nicolae_qazlal_style_of_elements
D:8:      cheibrodos_two_vegetables, layout_basic, serial_shops, shop,
          corexii_hall_statues_l, uniq_maggie, uniq_joseph
D:9:      layout_loops_ring, lair_entry_dummy, uniq_erolcha
D:10:     layout_basic, vehumet_statue, gammafunk_ghost_wrathful_warriors,
          evilmike_butchery
D:11:     layout_long_grid, hiddenorc2_lemuel
D:12:     layout_cave_pools
D:13:     layout_loops_corners, hangedman_vaults_entry_quadrant_bands,
          serial_rivers, chequers_serial_rivers_small_3,
          chequers_serial_rivers_micro_d, chequers_serial_rivers_marsh,
          chequers_serial_rivers_marsh, chequers_serial_rivers_large_b,
          chequers_serial_rivers_room_b
D:14:     layout_cave_pods, serial_park, serial_park_tiny_1,
          serial_park_fountain, serial_park_tiny_pond, minmay_misc_feat_tiny,
          portal_ice_cave_entry_ice_statue_two, mikee_hates_you
D:15:     grunt_enter_depths_snipers, layout_layer_cave,
          nicolae_uskayaw_suspiria
Lair:1:   layout_big_grid, uniq_gastronok
Lair:2:   layout_gridlike, elwin_shoals_entry_rocks,
          nicolae_spider_entry_non_spiders, gammafunk_ghost_arena
Lair:3:   layout_regular_city, gammafunk_ghost_icy, amcnicky_mini_pool_medium
Lair:4:   layout_regular_city, nicolae_slime_entry_slimehenge,
          serial_bayou_pond_a, uniq_josephine
Lair:5:   grunt_lair_end_beastmaster, layout_loops_ring,
          nicolae_lair_grove_arrangements, wad_woods_river_03
Shoals:1: layout_shoals
Shoals:2: layout_shoals, gammafunk_ghost_tricky_traps,
          nicolae_shoals_undead_eyrie
Shoals:3: layout_shoals
Shoals:4: shoals_end_simple, layout_shoals
Spider:1: layout_chambers
Spider:2: lemuel_spider_zombies, drop_trap, hellmonk_deceptive_appearances
Spider:3: layout_spider_delve, nicolae_spider_shape, nicolae_spider_cling_halls
Spider:4: grunt_spider_rune_circles
Orc:1:    layout_diamond_mine
Orc:2:    st_orc_elflike, layout_caves, ebering_ghost_rock_garden, uniq_azrael
Elf:1:    eino_elf_arrival_customs, layout_gridlike, gammafunk_ghost_ooze,
          hangedman_elf_represent, nicolae_elf_crossing_hall, minmay_shoptagon
Elf:2:    elven_hall_of_blades_hangedman_alternative
          [nicolae_blade_entry_area_security], layout_loops_cross,
          minmay_fountain_box
Elf:3:    grunt_elf_hall_diamonds, layout_geoelf_octagon, st_stairs_13,
          grunt_ministairs_2, minivault_19
Depths:1: due_jory_tower, layout_cave_shapes, serial_shops, bzr_entry_customers,
          nicolae_shop_gaudy_bauble, nicolae_take_the_stairs,
          grunt_mini_vestibule, minmay_misc_feat_alley, elyvilon_altar_1,
          uniq_asterion
Depths:2: kennysheep_room_grid, layout_cave_pools, nicolae_gozag_seed_capital,
          grunt_pan_entry_spiral, grunt_hell_entry_dis_old
Depths:3: grunt_arcs, layout_gridlike, roderic_lattice_a,
          nicolae_abyss_entry_one_way_or_another, rand_demon_pan_entry_1,
          hangedman_geh_valley, minmay_staircase_statues, uniq_jory
Depths:4: grunt_zot_entry_funnels, layout_cave_shapes, enter_ziggurat_d,
          grunt_decor_cap, grunt_pan_entry_in_and_out, pf_hell_entry_tar_spiral,
          minmay_microvault, minmay_shop_grove
Zot:1:    layout_basic, st_stairs_12
Zot:2:    kennysheep_bubbly, layout_basic, st_small_dragon_hoard_1,
          zot_minivault_1
Zot:3:    kennysheep_oblong_rooms, layout_basic, ebering_ghost_inner_flame
Zot:4:    layout_misc_corridors
Zot:5:    layout_misc_corridors, hangedman_zot_decor_checkerboard,
          hangedman_zot_diagonal_lockstep

Skill      XL: |  1  2  3  4  5  6  7  8  9 10 11 12 13 14 15 16 17 18 19 20 21 22 23 24 |
---------------+-------------------------------------------------------------------------+-----
Armour         | 1 2 3 4 5 7 8 9 11 12 13 14 15 16 17 18 19 20 21 | 21.1
Fighting       | 4 5 6 7 8 9 10 11 12 14 15 16 17 18 19 20 21 | 21.5
Invocations    | 1 2 3 5 6 7 8 9 10 11 12 13 14 15 16 17 | 17.7
Dodging        | 4 5 6 7 8 9 10 11 12 13 14 15 16 17 18 19 | 19.6
Short Blades   | 4 5 6 7 8 9 10 11 12 14 | 14.0
Ranged Weapons | 1 4 5 7 9 11 13 15 17 18 19 20 | 20.0
Stealth        | 2 4 5 7 8 9 10 11 12 | 12.0
Evocations     | 2 4 5 7 8 9 10 12 | 12.0

Action                     |  1- 3 |  4- 6 |  7- 9 | 10-12 | 13-15 | 16-18 | 19-21 | 22-24 || total
---------------------------+-------+-------+-------+-------+-------+-------+-------+-------++-------
  Melee: Short sword       |    55 |   156 |   211 |       |       |       |       |       ||   422
         Headbutt          |    11 |    35 |    88 |   123 |       |       |    27 |       ||   284
         Scimitar          |       |       |    46 |   470 |       |       |       |       ||   516
         Mace              |       |       |    14 |       |       |       |       |       ||    14
         Rapier            |       |       |       |       |       |       |    67 |       ||    67
         Punch             |       |       |       |       |       |       |     2 |       ||     2
   Fire: Longbow           |       |       |       |   123 |  1029 |  1635 |  1506 |  1234 ||  5527
 Invoke: Banish            |       |       |     1 |     1 |     1 |     2 |    12 |     8 ||    25
         Depart the Abyss  |       |       |     1 |       |       |       |       |       ||     1
  Evoke: Wand              |       |       |     2 |     5 |     3 |       |     5 |       ||    15
    Use: Scroll            |       |     1 |     6 |     9 |     9 |     5 |     4 |    14 ||    48
         Potion            |       |       |     1 |     2 |    10 |    12 |    12 |     7 ||    44
   Stab: Sleeping          |       |     1 |       |       |       |       |       |       ||     1
 Armour: Robe              |     5 |    22 |    74 |       |       |       |       |       ||   101
         Steam dragon scal |       |       |     1 |   138 |   219 |       |       |       ||   358
         Ring mail         |       |       |       |       |    17 |   324 |       |       ||   341
         Chain mail        |       |       |       |       |       |   100 |   396 |   258 ||   754
  Dodge: Dodged            |    37 |    84 |   282 |   604 |   510 |   896 |   580 |   669 ||  3662
         Repelled          |       |       |       |       |       |     2 |    19 |    39 ||    60

Table legend: (Time is in decaauts)
 A = Elapsed time spent in this place.
 B = Non-inter-level travel time spent in this place.
 C = Inter-level travel time spent in this place.
 D = Time resting spent in this place.
 E = Time spent auto-exploring this place.
 F = Levels seen in this place.
 G = Mean time per level.
                   A        B        C        D        E       F      G
               +--------+--------+--------+--------+--------+-----+--------+
         Total |  51622 |  48577 |   3045 |   5900 |  32499 |  48 | 1075.5 |
       Dungeon |  17106 |  15670 |   1436 |   1340 |  11875 |  15 | 1140.4 |
          Lair |   5315 |   4971 |    344 |    318 |   3588 |   5 | 1063.0 |
        Shoals |   4692 |   4396 |    296 |    974 |   2519 |   4 | 1173.0 |
   Spider Nest |   4863 |   4620 |    243 |    746 |   2851 |   4 | 1215.8 |
  Orcish Mines |   1357 |   1200 |    157 |     95 |    887 |   2 |  678.5 |
   Elven Halls |   3421 |   3252 |    169 |    289 |   2154 |   3 | 1140.3 |
        Depths |   6777 |   6543 |    234 |    846 |   4407 |   4 | 1694.2 |
           Zot |   6225 |   6063 |    162 |   1051 |   3592 |   5 | 1245.0 |
         Abyss |   1144 |   1144 |      0 |     93 |    398 |   4 |  286.0 |
        Bazaar |     90 |     90 |      0 |      0 |     35 |   1 |   90.0 |
      Ice Cave |    629 |    629 |      0 |    147 |    189 |   1 |  629.0 |
               +--------+--------+--------+--------+--------+-----+--------+

Top non-repeatable levels by time:
Depths:1: 2331 daAuts
     D:8: 1904 daAuts
Depths:4: 1793 daAuts
Depths:3: 1732 daAuts
   Zot:2: 1578 daAuts
   Elf:3: 1575 daAuts
Spider:4: 1570 daAuts
  Lair:5: 1563 daAuts
Shoals:4: 1479 daAuts
   Zot:1: 1457 daAuts
    D:14: 1387 daAuts
Spider:2: 1382 daAuts
  Lair:3: 1362 daAuts
    D:15: 1326 daAuts
    D:13: 1323 daAuts
